 Dungeon Crawl Stone Soup version 0.30-a0-4-ga7cffc901d (webtiles) character file.

Game seed: 6192514562455803251

16 SensoryNuts the Trooper (level 2, -2/24 HPs)
             Began as a Demonspawn Fighter on Aug 20, 2022.
             Succumbed to a goblin's poison
             ... on level 1 of the Dungeon.
             The game lasted 00:00:10 (264 turns).

SensoryNuts the Trooper (Demonspawn Fighter)         Turns: 264, Time: 00:00:11

Health: -2/24      AC:  6    Str: 16    XL:     2   Next: 37%
Magic:  2/2        EV:  8    Int:  9    God:
Gold:   0          SH:  4    Dex: 12    Spells: 1/1 levels left

rFire   . . .      SeeInvis .    a - +0 war axe
rCold   . . .      Faith    .    c - +0 buckler
rNeg    . . .      Spirit   .    b - +0 scale mail
rPois   .          Reflect  .    (no helmet)
rElec   .          Harm     .    (no cloak)
rCorr   .          Rampage  .    (no gloves)
Will    .....                    (no boots)
Stlth   ..........               (no amulet)
HPRegen 0.08/turn                (no ring)
MPRegen 0.08/turn                (no ring)

@: lethally poisoned (-2 -> -14)
A: powered by death 1
a: no special abilities


You were on level 1 of the Dungeon.
You visited 1 branch of the dungeon, and saw 1 of its levels.

Inventory:

Hand Weapons
 a - a +0 war axe (weapon)
Armour
 b - a +0 scale mail (worn)
 c - a +0 buckler (worn)
Potions
 d - a potion of might


   Skills:
 + Level 3.2 Fighting
 * Level 1.9 Axes
 + Level 3.1 Armour
 + Level 2.7 Shields


You had one spell level left.
You didn't know any spells.
Your spell library was empty.

Dungeon Overview and Level Annotations

Branches:
Dungeon (1/15)

Altars:


Innate Abilities, Weirdness & Mutations

You regenerate a little health from kills.


Message History

A goblin and a ball python come into view.
The goblin is wielding a +1 dagger of venom.
The goblin shouts!
The ball python hisses angrily.
A quokka comes into view.
A giant cockroach comes into view.
You closely miss the ball python. The ball python closely misses you.
The ball python grabs you. The ball python constricts you.
A goblin comes into view. It is wielding a +0 dagger.
The ball python bites you but does no damage.
The ball python constricts you.
The goblin hits you with a +1 dagger of venom.
You are poisoned.
You barely miss the ball python. You barely miss the goblin.
You feel very sick.
The goblin shouts!
The ball python bites you but does no damage.
The ball python constricts you. The goblin barely misses you.
You escape the ball python's grasp.
The ball python attacks as you move away!
The ball python barely misses you. The goblin attacks as you move away!
You block the goblin's attack.
You feel sick.
The ball python attacks as you move away!
The ball python bites you.
You feel sick. The goblin attacks as you move away!
The goblin hits you with a +1 dagger of venom.
You are lethally poisoned!
* * * LOW HITPOINT WARNING * * *
You feel very sick.
The ball python attacks as you move away!
The ball python barely misses you.
* * * LOW HITPOINT WARNING * * *
You feel very sick.
The ball python bites you but does no damage.
The ball python closely misses you. The goblin attacks as you move away!
The goblin hits you but does no damage.
You are more poisoned.
* * * LOW HITPOINT WARNING * * *
You feel very sick.
The ball python attacks as you move away!
You block the ball python's attack.
You die...

####### ###### #####
##.....##.....## ##...##
##.........?....#
##.....###................
#.......##....S.B.........
#.......##....g.r.g.......
#.......##..@.............
##..................>.....
#......)##................
#.........................
#........##......##.......
##....รท#####.....#
#####.. ##...........##..
.##).........# ##..
..............# ..


You could see a quokka, a giant cockroach, 2 goblins and a ball python.

Vanquished Creatures
  A gnoll (D:1)
  An endoplasm (D:1)
  2 giant cockroaches (D:1)
  A goblin (D:1)
  A rat (D:1)
6 creatures vanquished.

Notes
Turn   | Place    | Note
-------+----------+-------------------------------------------
     0 | D:1      | SensoryNuts the Demonspawn Fighter began the quest for the
                  | Orb.
     0 | D:1      | Reached XP level 1. HP: 18/18 MP: 1/1
    59 | D:1      | Gained mutation: You regenerate a little health from kills.
                  | [demonic ancestry]
    59 | D:1      | Reached XP level 2. HP: 9/24 MP: 2/2
   263 | D:1      | HP: 1/24 [poisoned by a goblin]
   264 | D:1      | Succumbed to a goblin's poison

Illustrated notes

Levels and vault maps discovered:
D:1:      dpeg_arrival_shelter, layout_rooms, ebering_ecumenical_altar_rust

Skill      XL: |  1 |
---------------+----+-----
Armour         | 3 |  3.1
Fighting       | |  3.2
Axes           | |  1.9
Shields        | |  2.7

Action                   || total
-------------------------++-------
Melee: War axe           ||    16
Armor: Scale mail        ||     9
Dodge: Dodged            ||    12
Block: Buckler           ||     8

Table legend: (Time is in decaauts)
 A = Elapsed time spent in this place.
 B = Non-inter-level travel time spent in this place.
 C = Inter-level travel time spent in this place.
 D = Time resting spent in this place.
 E = Time spent auto-exploring this place.
 F = Levels seen in this place.
 G = Mean time per level.
                   A        B        C        D        E       F      G
               +--------+--------+--------+--------+--------+-----+--------+
         Total |    271 |    271 |      0 |      0 |    231 |   1 |  271.0 |
       Dungeon |    271 |    271 |      0 |      0 |    231 |   1 |  271.0 |
               +--------+--------+--------+--------+--------+-----+--------+

Top non-repeatable levels by time:
     D:1: 271 daAuts
